 Dungeon Crawl Stone Soup version 0.27-a0-1555-g0e7b3fb1d2 (webtiles) character file.

Game seed: 12867160823454247009

37 blackman the Twirler (level 3, -1/27 HPs)
             Began as a Human Wanderer on July 14, 2021.
             Succumbed to an adder's poison
             ... on level 1 of the Dungeon.
             The game lasted 00:03:22 (1700 turns).

blackman the Twirler (Human Wanderer)               Turns: 1700, Time: 00:03:23

Health: -1/27      AC:  8    Str: 11    XL:     3   Next: 62%
Magic:  3/3        EV:  8    Int: 13    God:
Gold:   12         SH:  0    Dex: 13    Spells: 2/2 levels left

rFire    . . .     SeeInvis .   a - +0 dagger
rCold    . . .     Faith    .   (no shield)
rNeg     . . .     Spirit   .   b - +2 scale mail
rPois    .         Reflect  .   (no helmet)
rElec    .         Harm     .   (no cloak)
rCorr    .         Rampage  .   (no gloves)
Will     .....                  (no boots)
Stlth    ..........             (no amulet)
HPRegen  0.09/turn              (no ring)
MPRegen  0.08/turn              (no ring)

@: lethally poisoned (-1 -> -8)
A: no striking features
a: no special abilities


You were on level 1 of the Dungeon.
You visited 1 branch of the dungeon, and saw 2 of its levels.

You collected 12 gold pieces.

Inventory:

Hand Weapons
 a - a +0 dagger (weapon)
Armour
 b - a +2 scale mail (worn)
Scrolls
 d - 2 scrolls of identify {unknown}
 g - a scroll of noise {unknown}
 h - 2 scrolls of teleportation {unknown}
 i - a scroll of fear {unknown}
Potions
 c - a potion of flight {unknown}
 e - 2 potions of might {unknown}
 f - a potion of attraction {unknown}


   Skills:
 - Level 2.0 Fighting
 * Level 3.0 Axes
 - Level 3.0 Staves
 - Level 1.0 Bows
 - Level 1.0 Armour
 - Level 1.0 Dodging
 - Level 1.0 Shields
 - Level 1.0 Evocations


You had 2 spell levels left.
You didn't know any spells.
Your spell library contained the following spells:

 Spells                   Type           Power      Damage    Failure   Level
 Beastly Appendage        Tmut           0%         N/A       88%         1
 Sting                    Tmut/Pois      0%         1d3       88%         1
 Mephitic Cloud           Conj/Pois/Air  0%         N/A       99%         3
 Spider Form              Tmut/Pois      0%         N/A       99%         3


Dungeon Overview and Level Annotations

Branches:
Dungeon (2/15)

Altars:


Message History

The adder bites you.
You are poisoned.
The adder poisons you!
You hit the adder but do no damage.
The adder is moderately wounded.
You feel sick.
The adder bites you but does no damage. x2
You hit the adder.
The adder is moderately wounded.
You feel sick. The adder bites you.
You are more poisoned.
The adder poisons you!
You closely miss the adder.
The adder is moderately wounded.
You feel very sick. The adder barely misses you.
You hit the adder.
The adder is severely wounded.
You feel sick. The adder barely misses you.
You miss the adder.
The adder is severely wounded.
You feel sick. The adder bites you. x2
* * * LOW HITPOINT WARNING * * *
You closely miss the adder.
The adder is severely wounded.
You feel sick. The adder bites you.
* * * LOW HITPOINT WARNING * * *
You are lethally poisoned!
The adder poisons you!
You closely miss the adder.
The adder is severely wounded.
* * * LOW HITPOINT WARNING * * *
You feel sick. The adder bites you but does no damage.
You closely miss the adder.
The adder is severely wounded.
* * * LOW HITPOINT WARNING * * *
You feel sick. The adder bites you but does no damage.
The adder completely misses you.
You barely miss the adder.
The adder is severely wounded.
You die...

......## #.# # .###...#
###########.# # .#
#...#####...........##########
.###...........#######...........
.....#..######.## ############
##.###..# ##...## ##############
#.# #..# ##.....###...........##
#.###..###......S##.#########.##
#......##......@..#.## #...
#####............(.>.# ####
#####.........#..# #
##.......##..# ##### #
##..........# #.(.# #
##...#####.####...#### #####
#.....(....## ####.[.......
#.......##


You could see an adder.

Vanquished Creatures
  A dart slug (D:1)
  3 ball pythons
  2 endoplasms (D:1)
  2 giant cockroaches (D:1)
  3 goblins
  4 hobgoblins (D:1)
  2 jackals (D:1)
  3 quokkas (D:1)
  4 bats
  3 frilled lizards (D:1)
  3 kobolds
30 creatures vanquished.

Notes
Turn   | Place    | Note
-------+----------+-------------------------------------------
     0 | D:1      | blackman the Human Wanderer began the quest for the Orb.
     0 | D:1      | blackman set off with the following items: a +0 dagger, a
                  | +2 scale mail; and the following spells available to
                  | memorise: Beastly Appendage, Sting, Mephitic Cloud, Spider
                  | Form
     0 | D:1      | Reached XP level 1. HP: 16/16 MP: 1/1
    70 | D:1      | Reached skill level 1 in Axes
   141 | D:1      | Reached XP level 2. HP: 22/22 MP: 2/2
   616 | D:1      | Reached XP level 3. HP: 18/27 MP: 3/3
  1699 | D:1      | HP: 1/27 [poisoned by an adder]
  1700 | D:1      | Succumbed to an adder's poison

Illustrated notes

Levels and vault maps discovered:
D:1:      minmay_arrival_hallway, layout_loops_ring
D:2:      layout_basic, dk_noncrumbling_2

Skill      XL: |  1  2  3 |
---------------+----------+-----
Axes           | 1 2 3 |  3.0
Fighting       | |  2.0
Staves         | |  3.0
Bows           | |  1.0
Armour         | |  1.0
Dodging        | |  1.0
Shields        | |  1.0
Evocations     | |  1.0

Action                   || total
-------------------------++-------
Melee: Dagger            ||   237
Armor: Scale mail        ||   181
Dodge: Dodged            ||   127

Table legend: (Time is in decaauts)
 A = Elapsed time spent in this place.
 B = Non-inter-level travel time spent in this place.
 C = Inter-level travel time spent in this place.
 D = Time resting spent in this place.
 E = Time spent auto-exploring this place.
 F = Levels seen in this place.
 G = Mean time per level.
                   A        B        C        D        E       F      G
               +--------+--------+--------+--------+--------+-----+--------+
         Total |   1700 |   1685 |     15 |    211 |    995 |   2 |  850.0 |
       Dungeon |   1700 |   1685 |     15 |    211 |    995 |   2 |  850.0 |
               +--------+--------+--------+--------+--------+-----+--------+

Top non-repeatable levels by time:
     D:1: 1302 daAuts
     D:2: 397 daAuts
